AoeStats
← The Potato King

Arabia

508506580Analyzed
1v1 RM · 11d ago on Sep 22, 2026· 44m 56s· 2 players
Game mode
Random Map
Map size
Tiny (2 player)
Population
200
Speed
Normal
Resources
Standard
Victory
Conquest
Starting age
Dark Age
Ending age
Imperial Age
RankedLock teamsTeams togetherTeam positionsShared explorationLock speedFull tech treeHidden civsTurbo modeCheats
Victory
Defeat
🇬🇧 Burmese · United Kingdom
1214
+14
🇦🇷 Magyars · Argentina
1174
-14
Gamboche
4:56 Loom
9:40 Feudal Age
9:57 Man-at-Arms
20:51 Scale Barding Armor
24:36 Castle Age
24:53 Bloodlines
25:01 Padded Archer Armor
25:07 Town Watch
26:04 Wheelbarrow
25:31 Fletching
25:45 Double-Bit Axe
26:18 Bodkin Arrow
26:08 Horse Collar
26:59 Horse Collar
29:47 Gold Mining
30:32 Leather Archer Armor
31:49 Gold Mining
32:22 Town Watch
33:35 Husbandry
41:27 Scale Mail Armor
40:50 Light Cavalry
41:44 Scale Barding Armor
44:33 Hand Cart
The Potato King
3:01 Loom
11:01 Feudal Age
11:08 Man-at-Arms
12:24 Horse Collar
20:23 Castle Age
18:37 Fletching
19:36 Gold Mining
20:27 Crossbowman
21:15 Bodkin Arrow
23:03 Padded Archer Armor
25:06 Stone Mining
25:54 Gold Shaft Mining
26:36 Wheelbarrow
30:23 Heavy Plow
34:02 Imperial Age
33:03 Husbandry
33:13 Bloodlines
34:13 Manipur Cavalry
35:14 Hand Cart
34:34 Light Cavalry
36:07 Hussar
37:49 Scale Barding Armor
40:51 Chain Barding Armor
41:36 Forging
44:45 Chemistry
43:18 Capped Ram
45:32 Iron Casting
Connection lost

Rejoining the realm…

Still unreachable

The connection could not be restored.

Session expired

The server has moved on; the page needs a fresh start.